 Dungeon Crawl Stone Soup version 0.31-a0-219-g8d62b2e7bb (webtiles) character file.

Game seed: 14628745280798340817

408 olmar the Conjurer (level 6, -3/67 HPs)
             Began as a Demigod Conjurer on July 3, 2023.
             Slain by a wraith (5 damage)
             ... in an ossuary.
             The game lasted 00:07:37 (4273 turns).

olmar the Conjurer (Demigod Conjurer)               Turns: 4273, Time: 00:07:38

Health: -3/67      AC: 23    Str:  5 (8)  XL:     6   Next: 31%
Magic:  1/14       EV:  2    Int: 25 (28) God:
Gold:   200        SH:  0    Dex:  9 (12) Spells: 1/11 levels left

rFire   . . .        u - +2 dagger (venom)
rCold   . . .        (no shield)
rNeg    . . .        a - melded +0 robe
rPois   +            (helmet currently unavailable)
rElec   .            q - melded scarf of Salvation {rC+ rF+, *Corrode Str+5 Dex+3}
rCorr   .            i - melded +0 pair of gloves
SInv    .            d - melded +0 pair of boots
Will    .....        (no amulet)
Stlth   ++           (no ring)
HPRegen 0.31/turn    (no ring)
MPRegen 0.14/turn

%: no passive effects
@: mighty, tree-form, hasted and slowed, invisible
A: stationary, stasis, torment immunity, boosted hp, high MP 1, forlorn, divine
attributes
a: no special abilities


You were in an ossuary.
You were a tree.
You visited 1 branch of the dungeon, and saw 4 of its levels.
You also visited: Sewer and Ossuary.

You collected 200 gold pieces.

Inventory:

Hand Weapons
 u - a +2 dagger of venom (weapon)
Armour
 a - a +0 robe (melded)
 d - a +0 pair of boots (melded)
 i - a +0 pair of gloves (melded)
 q - the scarf of Salvation (melded) {rC+ rF+, *Corrode Str+5 Dex+3}
   (You acquired it in an ossuary)

   Str:       It affects your strength (+5).
   Dex:       It affects your dexterity (+3).
   *Corrode:  It may corrode you when you take damage.
 w - the +18 shield of the Gong {Loud rN+ Will+ rCorr EV-5}
   (You acquired it in an ossuary)

   Loud:      It is deafeningly noisy when blocking attacks.
   EV:        It affects your evasion (-5).
   rN:        It protects you from negative energy.
   rCorr:     It protects you from acid and corrosion.
   Will:      It increases your willpower.
Scrolls
 c - a scroll of vulnerability {unknown}
 j - 2 scrolls of teleportation
 m - a scroll of immolation
 o - a scroll of enchant armour {unknown}
 s - 2 scrolls of revelation
 t - a scroll of noise {unknown}
 x - a scroll of blinking {unknown}
Potions
 b - a potion of magic
 f - 2 potions of brilliance
 g - 2 potions of enlightenment
 h - a potion of haste
 p - a potion of curing {unknown}
 r - a potion of heal wounds {unknown}
 v - a potion of attraction {unknown}


   Skills:
 + Level 2.2 Dodging
 + Level 3.1 Stealth
 + Level 3.4 Spellcasting
 + Level 5.8 Conjurations


You had one spell level left.
You knew the following spells:

 Your Spells              Type           Power      Damage    Failure   Level
a - Magic Dart            Conj           100%       1d8       1%          1
b - Searing Ray           Conj           66%        2d6       1%          2
c - Iskenderun's Mystic   Conj/Tloc      18%        2d6       28%         4
d - Dazzling Flash        Conj/Hex       36%        N/A       9%          3

Your spell library contained the following spells:

 Spells                   Type           Power      Damage    Failure   Level
 Beastly Appendage        Tmut           8%         N/A       10%         1
 Wereblood                Tmut           4%         N/A       14%         2
 Gell's Gravitas          Tloc           4%         N/A       28%         3
 Spider Form              Tmut/Pois      4%         N/A       28%         3
 Teleport Other           Tloc           4%         N/A       28%         3
 Fulminant Prism          Conj/Hex       9%         3d7       28%         4
 Dispersal                Tloc           2%         N/A       100%        6


Dungeon Overview and Level Annotations

Branches:
Dungeon (4/15)              Sewer (visited)         Ossuary (1/1)
 Temple: D:4-7


Innate Abilities, Weirdness & Mutations

You are a tree.
Your roots penetrate the ground, keeping you stationary.
You cannot be teleported.
You are immune to unholy pain and torment.
Your maximum health is greatly increased.
Your equipment is partially melded.
You have an increased reservoir of magic. (+10% MP)
You shall have no god before yourself.
Your divine heritage dramatically boosts your attributes as you level up.


Message History

The wraith closely misses you.
The searing ray hits the wraith but does no damage.
The wraith is almost destroyed.
You finish channelling your searing ray.
The wraith completely misses you. The wraith hits you!
* * * LOW HITPOINT WARNING * * *
The wraith drains your vigour!
You feel as though you will be slow longer.
Okay, then.
Okay, then.
You aren't carrying any items that you can evoke.
Okay, then.
Okay, then.
Okay, then.
You aren't carrying any items that you can evoke.
You feel yourself speed up. The wraith hits you!
* * * LOW HITPOINT WARNING * * *
The wraith drains your vigour!
You feel as though you will be slow longer.
Press: ? - help, v - describe, . - travel
Here: a wraith (almost destroyed)
An open door.
It was a potion of lignification.
You turn into a tree.
The scarf of Salvation {rC+ rF+, *Corrode Str+5 Dex+3} melds into your body.
Your +0 pair of gloves melds into your body.
Your +0 pair of boots melds into your body.
Your +0 robe melds into your body.
You feel hot and cold all over.
Your roots penetrate the ground.
The wraith hits you but does no damage.
Unknown command.
It was a potion of degeneration.
There was something very wrong with that liquid.
You feel weakened.
You feel dopey.
You feel clumsy. The wraith hits you but does no damage.
It was a potion of invisibility.
You fade into invisibility!
The wraith hits you but does no damage.
It was a potion of might.
You feel very mighty all of a sudden. The wraith hits you.
You die...

...#####...
.##...##. .
##.!!..## . ..
.!.?!!. .. ...
..?.. ... #...
... ...#
#...##W##...# . .
#....♣....# ...
..#####'#####....
.................
.................
######'''########
####...####
#..'...'..#
#..#...#..#
####...####


You could see a wraith.

Vanquished Creatures
  A water moccasin (Sewer)
  Jessica (D:2)
  2 orc wizards (D:3)
  A mummy (Ossuary)
  4 gnolls (D:3)
  8 adders
  3 worms
  A dart slug (D:1)
  10 orcs
  6 endoplasms
  A giant cockroach (D:3)
  2 goblins
  7 hobgoblins
  8 jackals
  5 kobolds
  2 quokkas
  10 ball pythons
  7 bats
  2 frilled lizards (D:1)
  3 gnoll skeletons (Ossuary)
  A kobold skeleton (Ossuary)
  5 orc skeletons (Ossuary)
  5 rats
95 creatures vanquished.

Notes
Turn   | Place    | Note
-------+----------+-------------------------------------------
     0 | D:1      | olmar the Demigod Conjurer began the quest for the Orb.
     0 | D:1      | Reached XP level 1. HP: 14/14 MP: 5/5
   362 | D:1      | Reached skill level 4 in Conjurations
   364 | D:1      | Reached XP level 2. HP: 20/20 MP: 2/7
   367 | D:1      | Learned a level 2 spell: Searing Ray
  1230 | D:2      | Noticed Jessica
  1262 | D:2      | Reached XP level 3. HP: 25/26 MP: 0/8
  1603 | D:2      | Killed Jessica
  1604 | D:2      | Reached XP level 4. HP: 33/33 MP: 7/10
  2138 | D:3      | Reached skill level 5 in Conjurations
  2793 | D:3      | Reached XP level 5. HP: 38/38 MP: 6/11
  3774 | D:4      | Found a glowing drain.
  3785 | Sewer    | Entered a sewer
  3840 | Sewer    | Learned a level 4 spell: Iskenderun's Mystic Blast
  3860 | Sewer    | Noticed a water moccasin
  3867 | Sewer    | Killed a water moccasin
  3868 | Sewer    | Reached XP level 6. HP: 37/45 MP: 4/14
  3999 | Sewer    | Learned a level 3 spell: Dazzling Flash
  4026 | D:4      | Found a sand-covered staircase.
  4045 | Ossuary  | Entered an ossuary
  4045 | Ossuary  | Noticed a wraith
  4045 | Ossuary  | Noticed a wraith
  4045 | Ossuary  | Noticed a wraith
  4232 | Ossuary  | Identified 2 scrolls of acquirement
  4236 | Ossuary  | Acquired the +18 shield of the Gong {Loud rN+ Will+ rCorr
                  | EV-5}
  4236 | Ossuary  | Found the +18 shield of the Gong {Loud rN+ Will+ rCorr
                  | EV-5}
  4238 | Ossuary  | Acquired the scarf of Salvation {rC+ rF+, *Corrode Str+5
                  | Dex+3}
  4256 | Ossuary  | Noticed a wraith
  4269 | Ossuary  | HP: 1/45 [wraith (8)]
  4273 | Ossuary  | Slain by a wraith

Illustrated notes

Levels and vault maps discovered:
D:1:      dpeg_arrival_orchard, layout_loops_corners, due_unseen_surprise
D:2:      layout_basic, uniq_jessica
D:3:      layout_basic, mainiacjoe_overflow_small_starburst,
          hellmonk_ecumenical_altar_defaced_shrine, minmay_misc_feat_room,
          minmay_randomly_rotated_circles
D:4:      dreamdust_elfheim, layout_rooms, nicolae_dithmenos_shadow_blocks,
          mainiacjoe_overflow_boulevard, enter_ossuary_3,
          cheibrodos_sewer_entry_drain, chequers_serial_rivers_small_b,
          dk_noncrumbling_4
Ossuary:  ossuary_due_mausoleum

Skill      XL: |  1  2  3  4  5  6 |
---------------+-------------------+-----
Conjurations   | 4 5 |  5.8
Spellcasting   | 2 3 |  3.4
Stealth        | 2 3 |  3.1
Dodging        | 2 |  2.2

Action                     |  1- 3 |  4- 6 || total
---------------------------+-------+-------++-------
  Melee: Dagger            |       |    10 ||    10
         Unarmed           |       |     2 ||     2
   Cast: Magic Dart        |    36 |    76 ||   112
         Searing Ray       |     8 |    17 ||    25
         Dazzling Flash    |       |     2 ||     2
    Use: Scroll            |       |     8 ||     8
         Potion            |       |     5 ||     5
 Armour: Robe              |     3 |    12 ||    15
         Skin              |       |     3 ||     3
  Dodge: Dodged            |     2 |    31 ||    33

Table legend: (Time is in decaauts)
 A = Elapsed time spent in this place.
 B = Non-inter-level travel time spent in this place.
 C = Inter-level travel time spent in this place.
 D = Time resting spent in this place.
 E = Time spent auto-exploring this place.
 F = Levels seen in this place.
 G = Mean time per level.
                   A        B        C        D        E       F      G
               +--------+--------+--------+--------+--------+-----+--------+
         Total |   4276 |   4165 |    111 |    994 |   2616 |   6 |  712.7 |
       Dungeon |   3832 |   3721 |    111 |    741 |   2568 |   4 |  958.0 |
         Sewer |    214 |    214 |      0 |    122 |     41 |   1 |  214.0 |
       Ossuary |    229 |    229 |      0 |    131 |      7 |   1 |  229.0 |
               +--------+--------+--------+--------+--------+-----+--------+

Top non-repeatable levels by time:
     D:3: 1638 daAuts
     D:1: 1248 daAuts
     D:2: 886 daAuts
 Ossuary: 229 daAuts
   Sewer: 214 daAuts
     D:4: 59 daAuts
